cohdb
Replays
Latest Replays
All Replays
Popular Replays
Top Player Replays
Match Explorer
How It Works
Community
CoH3 Stats
Reddit
Sign in to upload your games and track your stats! →
Sign in with Steam
Match 40952108
Unlisted
Match 40952108
Overview
Messages
Build Orders
End
Construct Infanterie Kompanie
Selects Terror Battlegroup
Selects Machine Gun Camouflage
MG 42 Machine Gun Team
MG 42 Machine Gun Team
Grenadier Squad
Construct Luftwaffe Kompanie
Jäger Squad
Support Elements
Jäger Squad
Wirbelwind Flakpanzer
Jäger Squad
AI Takeover
カルト_くん
Apox
six god
Cipher Esteria
剩者为王
正五边形战士-王德发[wtf]
Noob Hunting ACE
喊乌拉的德棍123
0
0
Comments
sign in to comment!
No comments posted yet!